 Adventure DCSS version bcrawl-1.27.3 (webtiles) character file.

Game seed: 7487703186748646533

242431 galech the Cleaver (level 9, -13/71 HPs)
             Began as a Demonspawn Fighter on July 31, 2020.
             Was a Believer of Okawaru.
             Killed from afar by Harold (40 damage)
             ... with a bolt of fire
             ... on level 8 of the Dungeon.
             The game lasted 00:10:19 (7496 turns).

galech the Cleaver (Demonspawn Fighter)             Turns: 7496, Time: 00:10:20

Health: -13/71     AC: 15    Str: 16    XL:     9   Next: 35%
Magic:  8/9        EV:  3    Int: 10    God:    Okawaru [**....]
Gold:   457        SH:  0    Dex: 25    Spells: 8/8 levels left
                                        Lives:  0   Deaths: 2

rFire    x . .     SeeInvis .   x - +5 hand axe "Namulim" {pain, +Blink rPois rF- Dex+9}
rCold    . . .     Gourm    .   c - +0 medium shield
rNeg     . . .     Faith    .   r - +0 chain mail
rPois    +         Spirit   .   i - +0 helmet
rElec    .         Reflect  .   (no cloak)
rCorr    .         Harm     .   m - +0 pair of gloves
MR       .....                  (no boots)
Stlth    ..........             (no amulet)
HPRegen  0.21/turn              l - ring of attention (curse)
MPRegen  0.11/turn              k - ring of poison resistance

@: held
A: hooves 1, thin metallic scales 1, foul stench 1, powered by death 1, rot
immunity
a: Heroism, Renounce Religion, Evoke Blink


You were on level 8 of the Dungeon.
You worshipped Okawaru.
Okawaru was pleased with you.
You were not hungry.

You visited 2 branches of the dungeon, and saw 9 of its levels.

You collected 457 gold pieces.

Inventory:

Hand Weapons
 a - a +0 war axe
 x - the +5 hand axe "Namulim" (weapon) {pain, +Blink rPois rF- Dex+9}
   (You found it on level 4 of the Dungeon)

   In the hands of one skilled in necromantic magic, it inflicts extra damage on
   living creatures.
   It affects your dexterity (+9).
   It makes you vulnerable to fire.
   It protects you from poison.
   It lets you blink.
 I - the +12 falchion of Doom {venom, Str-3 Dex+6 SInv, unknown}
   (You found it on level 7 of the Dungeon)

   It poisons the flesh of those it strikes.
   It affects your strength (-3).
   It affects your dexterity (+6).
   It lets you see invisible.
Armour
 b - a +0 scale mail
 c - a +0 medium shield (worn)
 i - a +0 helmet (worn)
 m - a +0 pair of gloves (worn)
 r - a +0 chain mail (worn)
Jewellery
 f - an uncursed ring of wizardry
 j - an uncursed ring of ice
 k - a ring of poison resistance (right hand)
 l - a cursed ring of attention (left hand)
Wands
 p - a wand of polymorph (13)
 u - a wand of clouds (5)
 B - a wand of paralysis (9)
 E - a wand of acid (5)
Scrolls
 g - a scroll of enchant armour
 y - 2 scrolls of teleportation
 C - 3 scrolls of identify
 F - a scroll of noise {unknown}
 H - 2 scrolls of remove curse
 K - a scroll of magic mapping {unknown}
Potions
 d - a potion of might
 h - 4 potions of cancellation {unknown}
 n - a potion of ambrosia {unknown}
 o - a potion of lignification {unknown}
 q - 3 potions of flight {unknown}
 s - a potion of mutation {unknown}
 t - 2 potions of agility
 v - 4 potions of curing {unknown}
 w - 4 potions of heal wounds {unknown}
 z - 3 potions of degeneration {unknown}
 A - a potion of haste {unknown}
 D - a potion of resistance {unknown}
 G - a potion of magic {unknown}
Comestibles
 e - 6 rations {!d}


   Skills:
 + Level 6.5 Fighting
 + Level 8.2 Axes
 + Level 6.7 Armour
 + Level 2.8 Dodging
 + Level 1.3 Stealth
 + Level 6.4 Shields
 + Level 1.4 Unarmed Combat


You had 8 spell levels left.
You didn't know any spells.
Your spell library was empty.

Dungeon Overview and Level Annotations

Branches:
Dungeon (8/12)             Temple (1/1) D:7             Orc (0/1) D:8
   Lair: D:7-9

Altars:
Elyvilon
Fedhas
Gozag
Hepliaklqana
Lugonu
Okawaru
Qazlal
Ru
Uskayaw
Wu Jian
Zin

Shops:
D:7 }   D:8 %

Annotations:
D:3 1 runed door
D:8 Harold


Innate Abilities, Weirdness & Mutations

You have large cloven feet.
You are partially covered in thin metallic scales. (AC +2)
You may emit foul miasma when damaged in melee.
You regenerate a little health from kills.
You are immune to rotting.


Message History

You hit Harold. You kick Harold, but do no damage.
Harold is almost dead.
You block Harold's attack. Harold blocks your attack.
Your kick misses Harold.
Harold is almost dead.
You hit Harold but do no damage. Harold blocks your attack.
Harold is almost dead.
Harold casts a spell.
Harold blinks!
Harold says, "I was hoping my final job would be more of a challenge, but money is money."
Harold throws a throwing net.
The throwing net barely misses you.
You see here a throwing net {=f}.
Harold throws a throwing net.
The throwing net hits you.
You become entangled in the net!
You see here a throwing net {=f}.
You struggle against the net.
Harold casts a spell at you. The fire burns you terribly!
The bolt of fire hits you!!!
Ouch! That really hurt!
You die...

... .. . #.. ..#.$ ###
......#.# ###...#.##
........(# .......@.###
.........#.####
............#.###
............#...#
.........#......#
..........@...........#
###................>....##
#................#.##...##
#............##..#.#.....#


You could see Harold.

Vanquished Creatures
  A two-headed ogre (D:8)
  An unseen horror (D:8)
  A troll (D:8)
  A slime creature (D:8)
  Sigmund (D:4)
  Eustachio (D:5)
  A wyvern (D:8)
  2 hungry ghosts (D:7)
  A steam dragon (D:6)
  A hornet zombie (D:8)
  A sky beast (D:6)
  An orc warrior (D:6)
  An ogre (D:5)
  A centaur (D:7)
  A bullfrog (D:6)
  Blork the orc (D:6)
  3 scorpions
  5 wights (D:7)
  A howler monkey (D:4)
  A centaur zombie (D:5)
  4 crimson imps
  A quasit (D:5)
  A hound (D:4)
  3 jellies
  A centaur skeleton (D:7)
  2 orc priests
  4 orc wizards
  Jessica (D:3)
  3 iguanas
  Natasha (twice) (D:3)
  3 worker ants (D:4)
  2 hound skeletons
  6 adders
  2 shadow imps
  2 adder zombies (D:6)
  An adder skeleton (D:7)
  3 worms
  2 dart slugs
  5 leopard geckos
  24 orcs
  A ball python (D:2)
  3 bats
  A giant cockroach (D:4)
  4 goblins
  7 hobgoblins
  13 jackals
  8 kobolds
  5 quokkas
  4 frilled lizards
  A quokka skeleton (D:4)
  A quokka zombie (D:6)
147 creatures vanquished.

Notes
Turn   | Place    | Note
-------+----------+-------------------------------------------
     0 | D:1      | galech the Demonspawn Fighter began the quest for the Orb.
     0 | D:1      | Reached XP level 1. HP: 18/18 MP: 1/1
   266 | D:1      | Gained mutation: You are immune to rotting. [demonic
                  | ancestry]
   266 | D:1      | Reached XP level 2. HP: 22/24 MP: 2/2
   277 | D:1      | Reached skill level 2 in Axes
  1188 | D:2      | Gained mutation: You regenerate a little health from kills.
                  | [demonic ancestry]
  1188 | D:2      | Reached XP level 3. HP: 29/29 MP: 3/3
  1716 | D:2      | Found a sacrificial altar of Ru.
  1717 | D:2      | Found a stormy altar of Qazlal.
  1820 | D:3      | Noticed Natasha
  1827 | D:3      | Killed Natasha
  1827 | D:3      | Reached XP level 4. HP: 21/35 MP: 4/4
  1963 | D:3      | Noticed Jessica
  1967 | D:3      | Killed Jessica
  1967 | D:3      | Reached skill level 3 in Axes
  2126 | D:3      | Found a hide-covered altar of Uskayaw.
  2134 | D:3      | Noticed a +0 hand axe
  2135 | D:3      | Noticed a +0 dagger
  2259 | D:3      | Noticed Natasha
  2265 | D:3      | Killed Natasha
  2265 | D:3      | Gained mutation: You have large cloven feet. [demonic
                  | ancestry]
  2265 | D:3      | Reached XP level 5. HP: 39/41 MP: 5/5
  2820 | D:3      | Found a runed door.
  3100 | D:4      | Got a transparent hand axe
  3101 | D:4      | Identified the +5 hand axe "Namulim" {pain, +Blink rPois
                  | rF- Dex+9} (You found it on level 4 of the Dungeon)
  3284 | D:4      | Reached XP level 6. HP: 44/47 MP: 6/6
  3411 | D:4      | Noticed Sigmund
  3422 | D:4      | Killed Sigmund
  3422 | D:4      | Reached skill level 4 in Axes
  3458 | D:4      | Gained mutation: You may emit foul miasma when damaged in
                  | melee. [demonic ancestry]
  3458 | D:4      | Reached XP level 7. HP: 53/53 MP: 7/7
  3749 | D:5      | Entered Level 5 of the Dungeon
  3749 | D:5      | Noticed Eustachio
  3766 | D:5      | Killed Eustachio
  3766 | D:5      | Reached skill level 1 in Dodging
  3784 | D:5      | Mangled by an iguana
  3785 | D:5      | Reached XP level 6. HP: -8/48 MP: 6/6
  3811 | D:5      | Reached skill level 5 in Axes
  4075 | D:5      | Reached skill level 1 in Unarmed Combat
  4075 | D:5      | Reached XP level 7. HP: 50/54 MP: 7/7
  4111 | D:5      | Reached skill level 1 in Stealth
  4192 | D:5      | Found an ornate altar of the Wu Jian Council.
  4528 | D:6      | Reached skill level 5 in Armour
  4528 | D:6      | Gained mutation: You are partially covered in thin metallic
                  | scales. (AC +2) [demonic ancestry]
  4528 | D:6      | Reached XP level 8. HP: 28/61 MP: 8/8
  4534 | D:6      | Reached skill level 6 in Axes
  4622 | D:6      | Noticed Blork the orc
  4635 | D:6      | Killed Blork the orc
  4635 | D:6      | Reached skill level 5 in Shields
  4983 | D:6      | HP: 2/61 [steam dragon (4)]
  4986 | D:6      | Reached skill level 5 in Fighting
  5348 | D:7      | Found a staircase to the Ecumenical Temple.
  5358 | Temple   | Entered the Ecumenical Temple
  5376 | Temple   | Became a worshipper of Warmaster Okawaru
  5438 | D:7      | Found Vorch's Gadget Shop.
  5849 | D:7      | Got a masterwork falchion
  6063 | D:7      | Reached XP level 9. HP: 67/68 MP: 9/9
  6115 | D:7      | Reached skill level 7 in Axes
  6781 | D:8      | Noticed a troll
  6791 | D:8      | Killed a troll
  6869 | D:8      | Reached * piety under Okawaru
  7030 | D:8      | Noticed a two-headed ogre
  7043 | D:8      | HP: 1/69 [two-headed ogre/+0 dire flail (8)]
  7044 | D:8      | Slain by a two-headed ogre
  7045 | D:8      | Found a staircase to the Orcish Mines.
  7045 | D:8      | Reached XP level 8. HP: -2/64 MP: 8/8
  7053 | D:8      | Found Zonasozuep's Food Boutique.
  7060 | D:8      | Killed a two-headed ogre
  7060 | D:8      | Reached ** piety under Okawaru
  7060 | D:8      | Reached skill level 8 in Axes
  7060 | D:8      | Reached XP level 9. HP: 43/71 MP: 9/9
  7343 | D:8      | Killed an unseen horror
  7469 | D:8      | Noticed Harold
  7496 | D:8      | Killed from afar by Harold

Skill      XL: |  1  2  3  4  5  6  7  8  9 |
---------------+----------------------------+-----
Axes           | 2 3 5 8 7 |  8.2
Shields        | 3 4 6 |  6.4
Armour         | 3 4 5 6 |  6.7
Fighting       | 4 6 |  6.5
Dodging        | 2 |  2.8
Unarmed Combat | 1 |  1.4
Stealth        | 1 |  1.3

Action                   |  1- 3 |  4- 6 |  7- 9 || total
-------------------------+-------+-------+-------++-------
Melee: War axe           |   136 |    72 |       ||   208
       Hand axe          |       |    84 |   300 ||   384
       Kick              |       |    40 |   132 ||   172
       Unarmed           |       |       |    26 ||    26
Invok: Heroism           |       |       |     1 ||     1
  Use: Scroll            |     1 |     2 |     2 ||     5
       Potion            |       |       |     1 ||     1
 Stab: Confused          |       |       |     2 ||     2
  Eat: Chunk             |     7 |    11 |    14 ||    32
       Ration            |       |       |     3 ||     3
Armor: Scale mail        |    75 |    13 |       ||    88
       Chain mail        |       |    72 |   222 ||   294
Dodge: Dodged            |    29 |    18 |    78 ||   125
Block: Medium shield     |    89 |    66 |   187 ||   342
